 Dungeon Crawl Stone Soup version 0.31-a0-221-gbddc013574 (webtiles) character file.

Game seed: 3301649495876763484

65 pokeman the Magician (level 3, -4/20 HPs)
             Began as a Deep Elf Hedge Wizard on July 4, 2023.
             Slain by a sleepcap (16 damage)
             ... on level 2 of the Dungeon.
             The game lasted 00:02:11 (1633 turns).

pokeman the Magician (Deep Elf Hedge Wizard)        Turns: 1633, Time: 00:02:11

Health: -4/20      AC:  2    Str:  7    XL:     3   Next: 94%
Magic:  1/11       EV:  2    Int: 20    God:
Gold:   130        SH:  0    Dex: 14    Spells: 4/12 levels left

rFire   . . .        a - +0 dagger
rCold   . . .        (no shield)
rNeg    . . .        b - +0 robe
rPois   .            c - +0 hat
rElec   .            (no cloak)
rCorr   .            (no gloves)
SInv    .            (no boots)
Will    .....        (no amulet)
Stlth   ++           f - ring of wizardry
HPRegen 0.23/turn    (no ring)
MPRegen 0.12/turn

%: wizardry (x1)
@: sleeping
A: no striking features
a: no special abilities


You were on level 2 of the Dungeon.
You visited 1 branch of the dungeon, and saw 2 of its levels.

You collected 130 gold pieces.

Inventory:

Hand Weapons
 a - a +0 dagger (weapon)
Armour
 b - a +0 robe (worn)
 c - a +0 hat (worn)
Jewellery
 f - a ring of wizardry (left hand)
Scrolls
 g - a scroll of fog {unknown}
Potions
 d - a potion of magic
 e - a potion of heal wounds {unknown}


   Skills:
 - Level 1.0 Fighting
 - Level 1.0 Armour
 + Level 2.6 Dodging
 + Level 2.6 Stealth
 * Level 5.4 Spellcasting
 + Level 2.0 Conjurations
 - Level 1.1 Summonings
 - Level 1.1 Translocations


You had 4 spell levels left.
You knew the following spells:

 Your Spells              Type           Power      Damage    Failure   Level
a - Magic Dart            Conj           52%        1d5       1%          1
b - Mephitic Cloud        Conj/Pois/Air  8%         N/A       11%         3
c - Call Imp              Summ           18%        N/A       4%          2
d - Blink                 Tloc           18%        N/A       4%          2

Your spell library contained the following spells:

 Spells                   Type           Power      Damage    Failure   Level
 Slow                     Hex            20%        N/A       4%          1
 Cigotuvi's Dreadful Rot  Necr/Pois/Air  10%        N/A       7%          2


Dungeon Overview and Level Annotations

Branches:
Dungeon (2/15)

Altars:

Shops:
D:1 [


Message History

Press: ? - help, Shift-Dir - straight line, f/p - sleepcap
Aim: a sleepcap (heavily damaged, 100% to hit)
The magic dart hits the sleepcap but does no damage.
The sleepcap is heavily damaged.
Casting: Magic Dart (safe; 1% risk of failure)
Confirm with . or Enter, or press ? or * to list all spells.
Aiming: Magic Dart (safe; 1% risk of failure)
Press: ? - help, Shift-Dir - straight line, f/p - sleepcap
Aim: a sleepcap (heavily damaged, 100% to hit)
The magic dart hits the sleepcap but does no damage.
The sleepcap is heavily damaged.
Casting: Magic Dart (safe; 1% risk of failure)
Confirm with . or Enter, or press ? or * to list all spells.
Aiming: Magic Dart (safe; 1% risk of failure)
Press: ? - help, Shift-Dir - straight line, f/p - sleepcap
Aim: a sleepcap (heavily damaged, 100% to hit)
The magic dart hits the sleepcap.
The sleepcap is severely damaged.
Casting: Magic Dart (safe; 1% risk of failure)
Confirm with . or Enter, or press ? or * to list all spells.
Aiming: Magic Dart (safe; 1% risk of failure)
Press: ? - help, Shift-Dir - straight line, f/p - sleepcap
Aim: a sleepcap (severely damaged, 100% to hit)
The magic dart hits the sleepcap.
The sleepcap is severely damaged.
You hit the sleepcap.
The sleepcap is almost destroyed.
The sleepcap closely misses you.
You hit the sleepcap but do no damage.
The sleepcap is almost destroyed.
The sleepcap releases spores at you.
You hit the sleepcap but do no damage.
The sleepcap is almost destroyed.
The sleepcap releases spores at you.
You are engulfed in a cloud of soporific spores!
You fall asleep.
The sleepcap completely misses you. The sleepcap releases spores at you!
Ouch! That really hurt!
You die...

...##..# #.# #.....# #.#
#####..###.# #..##.# ##.##
........<..# #..##.#
##...## ######.#####
#..##.###.....### #.#
#..##.ยง.f........ #.#
#..######...$.## #### #.#
#.......##...## .....#.#
#####.......##
####.#.########.@f....#####
#............#.#####.#
#.#.#.######.#.# #...
..###...###.#.# #...# #.#
##........# #.#.# ...
#..####.#.# #.#.# .# #.#.#
#<#... ..#.. .
..##............# #..
######.####.##


You could see a sleepcap.

Vanquished Creatures
  3 adders (D:2)
  3 dart slugs (D:1)
  4 ball pythons
  3 bats (D:1)
  An endoplasm (D:2)
  A giant cockroach (D:1)
  6 goblins
  3 hobgoblins
  2 frilled lizards
  4 rats
30 creatures vanquished.

Vanquished Creatures (collateral kills)
  A worm (D:2)
1 creature vanquished.

Grand Total: 31 creatures vanquished

Notes
Turn   | Place    | Note
-------+----------+-------------------------------------------
     0 | D:1      | pokeman the Deep Elf Hedge Wizard began the quest for the
                  | Orb.
     0 | D:1      | Reached XP level 1. HP: 10/10 MP: 7/7
   222 | D:1      | Reached XP level 2. HP: 16/16 MP: 4/9
   426 | D:1      | You fall into a shaft and drop 1 floor!
   454 | D:2      | Reached skill level 5 in Spellcasting
   514 | D:2      | Reached XP level 3. HP: 20/20 MP: 6/11
   518 | D:2      | Learned a level 3 spell: Mephitic Cloud
   521 | D:2      | Learned a level 2 spell: Blink
   524 | D:2      | Learned a level 2 spell: Call Imp
  1025 | D:1      | Found Jeri's Armour Boutique.
  1146 | D:1      | Reached skill level 1 in Fighting
  1207 | D:1      | Reached skill level 1 in Armour
  1633 | D:2      | Slain by a sleepcap

Illustrated notes

Levels and vault maps discovered:
D:1:      dpeg_arrival_solitude, layout_loops_corners, serial_shops,
          nicolae_shop_tiny_real_fake_doors
D:2:      layout_loops_ring, uniq_terence

Skill      XL: |  1  2  3 |
---------------+----------+-----
Spellcasting   | 5 |  5.4
Fighting       | 1 |  1.0
Armour         | 1 |  1.0
Conjurations   | 2 |  2.0
Dodging        | |  2.6
Stealth        | |  2.6
Summonings     | |  1.1
Translocations | |  1.1

Action                     || total
---------------------------++-------
  Melee: Dagger            ||     8
   Cast: Magic Dart        ||    93
         Call Imp          ||     2
         Mephitic Cloud    ||     1
         Blink             ||     1
 Armour: Robe              ||     5
  Dodge: Dodged            ||    12

Table legend: (Time is in decaauts)
 A = Elapsed time spent in this place.
 B = Non-inter-level travel time spent in this place.
 C = Inter-level travel time spent in this place.
 D = Time resting spent in this place.
 E = Time spent auto-exploring this place.
 F = Levels seen in this place.
 G = Mean time per level.
                   A        B        C        D        E       F      G
               +--------+--------+--------+--------+--------+-----+--------+
         Total |   1631 |   1603 |     28 |     37 |   1368 |   2 |  815.5 |
       Dungeon |   1631 |   1603 |     28 |     37 |   1368 |   2 |  815.5 |
               +--------+--------+--------+--------+--------+-----+--------+

Top non-repeatable levels by time:
     D:1: 1084 daAuts
     D:2: 547 daAuts
